 Dungeon Crawl Stone Soup version 0.28-a0-957-g42eb19b844 (webtiles) character file.

Game seed: 4286284159943693144

52347 tilp the Frost Mage (level 14, -10/59 (62) HPs)
             Began as a Felid Ice Elementalist on Nov 29, 2021.
             Was a High Priest of Ru.
             Killed by an exploding bloated husk (39 damage)
             ... on level 1 of the Swamp on Nov 30, 2021.
             The game lasted 01:46:14 (48031 turns).

tilp the Frost Mage (Felid Ice Elementalist)       Turns: 48031, Time: 01:46:14

HP:   -10/59 (62)   AC:  7    Str: 12    XL:     14   Next: 26%
MP:   3/27          EV: 24    Int: 27    God:    Ru [*****.]
Gold: 2632          SH:  0    Dex: 15    Spells: 7/29 levels left
                                        Lives: 0   Deaths: 3

rFire   + . .      SeeInvis +     - Unarmed
rCold   + + .      Faith    .   (shield unavailable)
rNeg    . . .      Spirit   .   (armour unavailable)
rPois   .          Reflect  .   (helmet unavailable)
rElec   .          Harm     .   (cloak unavailable)
rCorr   .          Rampage  .   (gloves unavailable)
Will    ++...                   (boots unavailable)
Stlth   +++++.....              z - amulet of magic regeneration
HPRegen 0.19/turn               G - ring "Qaleff" {rC+ Str+5 Int+6}
MPRegen 0.60/turn               D - ring "Faadar" {rF+ AC+4 Str+3 Slay+2}

@: on blink cooldown, lightly drained, quick
A: very small, claws 1, fangs 3, see invisible, clumsy 1, speed 1, frail 1,
shaggy fur 3, hated by all, no earth magic, no hexes magic, no necromancy magic,
stealthy paws, no weapons or thrown items, no armour, multi-lived
a: Renounce Religion, Draw Out Power, Power Leap, Apocalypse


You were on level 1 of the Swamp.
You worshipped Ru.
Ru was extremely pleased with you.
You visited 5 branches of the dungeon, and saw 25 of its levels.
You also visited: Sewer and Volcano.

You collected 3876 gold pieces.
You spent 1244 gold pieces at shops.

Inventory:

Jewellery
 h - a ring of poison resistance
 r - a ring of flight
 y - an amulet of reflection
 z - an amulet of magic regeneration (around neck)
 D - the ring "Faadar" (right paw) {rF+ AC+4 Str+3 Slay+2}
   (You bought it in a shop on level 6 of the Dungeon)

   [ring of protection]

   AC:        It affects your AC (+4).
   Str:       It affects your strength (+3).
   Slay:      It affects your accuracy & damage with ranged weapons and melee
   (+2).
   rF:        It protects you from fire.
 G - the ring "Qaleff" (left paw) {rC+ Str+5 Int+6}
   (You acquired it on level 13 of the Dungeon)

   [ring of intelligence]

   Str:       It affects your strength (+5).
   Int:       It affects your intelligence (+6).
   rC:        It protects you from cold.
Wands
 s - a wand of polymorph (4)
 t - a wand of digging (18)
 v - a wand of flame (67)
 B - a wand of paralysis (11)
 E - a wand of iceblast (9)
 F - a wand of mindburst (3)
Scrolls
 d - 4 scrolls of magic mapping
 i - 3 scrolls of fear
 k - 8 scrolls of teleportation
 n - a scroll of fog
 o - 2 scrolls of blinking
 u - 2 scrolls of amnesia
 C - 6 scrolls of identify
Potions
 a - 4 potions of might
 b - 11 potions of curing
 c - 3 potions of magic
 e - 5 potions of haste
 f - 2 potions of ambrosia
 g - 6 potions of cancellation
 j - 2 potions of resistance
 l - 5 potions of heal wounds
 m - 2 potions of lignification
 p - 12 potions of attraction
 q - 4 potions of invisibility
 w - 3 potions of berserk rage
 x - a potion of brilliance
 H - 2 potions of mutation
Miscellaneous
 A - a lightning rod (4/4)


   Skills:
 - Level 12.0 Fighting
 - Level 12.0 Dodging
 - Level 12.0 Stealth
 - Level 12.0 Unarmed Combat
 - Level 8.0 Spellcasting
 + Level 11.3 Conjurations
 - Level 4.0 Translocations
 - Level 12.0 Ice Magic
 - Level 6.0 Air Magic
 - Level 8.0 Evocations


You had 7 spell levels left.
You knew the following spells:

 Your Spells              Type           Power      Damage    Failure   Level
a - Freeze                Ice            100%       1d11      1%          1
b - Frozen Ramparts       Ice            100%       1d12      1%          3
c - Ozocubu's Armour      Ice            66%        N/A       1%          3
d - Hailstorm             Conj/Ice       65%        3d14      1%          4
e - Freezing Cloud        Conj/Ice/Air   29%        6-21      2%          5
f - Iskenderun's Mystic   Conj/Tloc      51%        2d11      2%          4
g - Blink                 Tloc           64%        N/A       1%          2

Your spell library contained the following spells:

 Spells                   Type           Power      Damage    Failure   Level
 Poisonous Vapours        Pois/Air       54%        N/A       2%          2
 Lesser Beckoning         Tloc           32%        N/A       3%          3
 Ice Form                 Ice/Tmut       43%        N/A       4%          4
 Passage of Golubria      Tloc           32%        N/A       10%         4
 Spider Form              Tmut/Pois      10%        N/A       16%         3
 Conjure Ball Lightning   Conj/Air       27%        3x3d8     24%         6
 Manifold Assault         Tloc           32%        N/A       28%         5
 Dragon Form              Tmut           5%         N/A       100%        7
 Storm Form               Tmut/Air       13%        N/A       100%        7
 Disjunction              Tloc           16%        N/A       100%        8
 Polar Vortex             Ice            33%        N/A       100%        9
 Ensorcelled Hibernation  Hex/Ice        Unusable   N/A       N/A         2
 Corpse Rot               Necr/Air       Unusable   N/A       N/A         2
 Summon Ice Beast         Ice/Summ       Unusable   N/A       N/A         4
 Animate Skeleton         Necr           Unusable   N/A       N/A         1
 Pain                     Necr           Unusable   1d6       N/A         1
 Inner Flame              Hex/Fire       Unusable   N/A       N/A         3
 Vampiric Draining        Necr           Unusable   2d6       N/A         3
 Silence                  Hex/Air        Unusable   N/A       N/A         5
 Cause Fear               Hex            Unusable   N/A       N/A         4
 Simulacrum               Ice/Necr       Unusable   N/A       N/A         6
 Agony                    Necr           Unusable   N/A       N/A         5
 Excruciating Wounds      Necr           Unusable   N/A       N/A         5
 Discord                  Hex            Unusable   N/A       N/A         8
 Lehudib's Crystal Spear  Conj/Erth      Unusable   10d6      N/A         8
 Dragon's Call            Summ           Unusable   N/A       N/A         9

Dungeon Overview and Level Annotations

Branches:
Dungeon (15/15)            Temple (1/1) D:5            Lair (6/6) D:9
  Swamp (1/4) Lair:3        Snake (0/4) Lair:4        Slime (0/5) Lair:5
    Orc (2/2) D:12            Elf (0/3) Orc:2        Vaults (0/5) D:14
 Depths (0/4) D:15          Sewer (visited)         Volcano (visited)

Altars:
Ashenzari
Cheibriados
Dithmenos
Elyvilon
Fedhas
Gozag
Hepliaklqana
Kikubaaqudgha
Makhleb
Nemelex Xobeh
Okawaru
Qazlal
Ru
Sif Muna
Trog
Uskayaw
Vehumet
Wu Jian
Xom
Yredelemnul
Zin
The Shining One
Beogh

Shops:
D:6 =   D:7 :   D:13 =   Orc:2 *!=([(


Innate Abilities, Weirdness & Mutations

You have sharp claws.
You have razor-sharp teeth.
You have supernaturally acute eyesight. (SInv)
You are clumsy. (Dex -2)
You cover ground quickly. (Speed+)
You are frail. (-10% HP)
Your thick and shaggy fur keeps you warm. (AC +3, rC+)
You are hated by all.
You cannot study or cast Earth magic.
You cannot study or cast Hexes magic.
You cannot study or cast Necromancy magic.
Your paws help you pounce on unaware monsters.
You are incapable of wielding weapons or throwing items.
You cannot wear armour.
You gain extra lives every three experience levels.


Message History

Confirm with . or Enter, or press ? or * to list all spells.
You erupt in a blast of force!
The mystic blast hits the bunyip!
The bunyip is almost dead.
The bunyip is knocked back by the mystic blast.
The bunyip slams into the mangrove!
The bunyip is almost dead.
Unknown command.
Casting: Iskenderun's Mystic Blast (dangerous; 2% risk of failure)
Confirm with . or Enter, or press ? or * to list all spells.
You don't have enough magic to cast this spell.
Unknown command.
You redirect the bunyip's attack!
The bunyip claws you! x3
Unknown command.
You barely miss the bunyip. You bite the bunyip.
The bunyip is almost dead.
Unknown command.
Casting: Iskenderun's Mystic Blast (dangerous; 2% risk of failure)
Confirm with . or Enter, or press ? or * to list all spells.
Okay, then.
Unknown command.
Casting: Iskenderun's Mystic Blast (dangerous; 2% risk of failure)
Confirm with . or Enter, or press ? or * to list all spells.
You blink.
Splash!
You fall into the shallow water.
Moving in this stuff is going to be slow.
Unknown command.
A swamp drake comes into view.
Unknown command.
Press: ? - help, v - describe, . - travel
Here: a bloated husk The floor.
Blink to where?
Press: ? - help, Dir - move target
As you read the scroll of blinking, it crumbles to dust.
The bloated husk explodes!
The blast of putrescent gases engulfs you!!!
Ouch! That really hurt!
You die...

♣♣. ♣≈ ♣≈≈ ♣♣..
♣.. ♣...≈ ♣...
♣≈≈≈§ ♣..♣ ♣♣...
≈ ♣≈..♣♣♣..♣ ≈≈
♣♣.≈≈)♣.§≈♣ ≈.♣
♣....≈@x§≈♣≈≈≈≈
♣♣≈.≈≈≈.≈≈≈§≈..≈.
♣.≈.≈≈....♣≈.♣≈≈.
♣≈≈..≈.≈≈....♣ ♣
♣.≈≈.♣≈.≈≈≈≈♣♣
♣....♣♣§≈.≈.♣
♣..≈ ♣?...?♣ ....
♣♣.≈.♣♣ ♣.≈≈.≈


You could see a bunyip.

Vanquished Creatures
  Rupert (D:14)
  Gastronok (Lair:3)
  Kirke (Lair:4)
  The ghost of Puifavom the Warmonger, a journeyman GrFi of Okawaru (Lair:4)
  A ghoul (D:15)
  A stone giant (D:15)
  4 hydras
  3 vault guards (D:14)
  5 boulder beetles
  4 catoblepae (Lair:6)
  5 ogre magi
  4 centaur warriors
  5 death yaks
  21 two-headed ogres
  3 tengu warriors (D:15)
  Urug (D:13)
  Sonja (Lair:1)
  The ghost of kae the Ruffian, a novice DrTm of Qazlal (D:7)
  10 skeletal warriors
  2 necromancers (D:14)
  3 orc knights
  A wolf spider zombie (D:14)
  An orc sorcerer (Orc:1)
  A deep elf pyromancer (D:14)
  9 ugly things
  A wolf spider (Lair:4)
  An oklob plant (Lair:6)
  6 manticores
  4 cyclopes
  A moth of wrath (D:7)
  7 elephants (Lair:6)
  19 black mambas
  2 torpor snails
  A guardian serpent (shapeshifter) (D:15)
  A molten gargoyle (Volcano)
  11 cane toads
  2 kobold demonologists (D:10)
  5 komodo dragons
  A yaktaur (shapeshifter) (D:15)
  A yaktaur (D:14)
  3 rime drakes
  5 efreet
  A redback zombie (D:14)
  A freezing wraith (D:14)
  4 tengu conjurers (D:15)
  A harpy zombie (D:15)
  A merfolk (D:9)
  2 ice devils (Lair:5)
  3 meliai (D:13)
  7 trolls
  5 slime creatures
  Prince Ribbit (Lair:2)
  4 meliai zombies (D:14)
  17 blink frogs
  A dream sheep (Lair:4)
  A vampire (D:11)
  5 wyverns
  4 basilisks
  39 yaks
  4 hogs (Lair:4)
  A steam dragon (D:8)
  2 fire elementals (Volcano)
  18 humans (D:14)
  Menkaure (D:5)
  3 vampire mosquitoes (D:10)
  5 wargs
  An acid dragon (D:14)
  A swamp worm (Swamp:1)
  23 water moccasins
  A swamp drake (D:6)
  24 orc warriors
  2 hornet zombies
  3 black bears (Lair:1)
  An ice beast (D:8)
  A necrophage (D:5)
  38 ogres
  5 sky beasts
  19 wolves
  5 centaurs
  7 kobold brigands
  2 gnoll sergeants (D:8)
  A scorpion (D:4)
  10 bullfrogs
  An earth elemental (Volcano)
  4 wights
  5 killer bees (D:7)
  3 electric eels
  11 howler monkeys
  14 centaur zombies
  12 hounds
  26 orc priests
  3 jellies (Lair:5)
  A bullfrog skeleton (D:4)
  A centaur skeleton (D:4)
  3 iguanas
  6 gnoll shamans
  23 orc wizards
  A scorpion zombie (D:5)
  2 killer bee zombies
  A mummy (D:15)
  20 gnolls
  13 adders
  3 river rats
  A shadow imp (D:6)
  3 white imps
  2 adder skeletons (D:4)
  3 worms
  2 dart slugs
  72 orcs
  8 endoplasms
  2 giant cockroaches
  10 goblins
  9 hobgoblins
  4 jackals (D:2)
  20 kobolds
  3 quokkas
  14 ball pythons
  4 bats
  4 frilled lizards
  32 rats
  A bush (Lair:6)
  5 fire vortices (Volcano)
788 creatures vanquished.

Vanquished Creatures (collateral kills)
  2 elephants (Lair:6)
2 creatures vanquished.

Vanquished Creatures (others)
  A boulder beetle (D:13)
  A death yak (Lair:6)
  A deep elf pyromancer (D:14)
  2 orc sorcerers (Orc:2)
  A polar bear (Lair:5)
  A bloated husk (Swamp:1)
  A human (Lair:4)
  A bush (Lair:6)
  80 fungi
  93 plants
  A withered plant (D:15)
183 creatures vanquished.

Grand Total: 973 creatures vanquished

Notes
Turn   | Place    | Note
-------+----------+-------------------------------------------
     0 | D:1      | tilp the Felid Ice Elementalist began the quest for the
                  | Orb.
     0 | D:1      | Reached XP level 1. HP: 7/7 MP: 4/4
   281 | D:1      | Reached skill level 1 in Unarmed Combat
   344 | D:1      | Reached XP level 2. HP: 9/11 MP: 0/6
   836 | D:1      | Found a faded altar of an unknown god.
  1283 | D:2      | Reached XP level 3. HP: 14/14 MP: 3/7
  1294 | D:2      | Learned a level 3 spell: Frozen Ramparts
  1297 | D:2      | Learned a level 2 spell: Ensorcelled Hibernation
  2029 | D:2      | Reached XP level 4. HP: 18/18 MP: 0/8
  2568 | D:3      | Found a blossoming altar of Fedhas.
  2569 | D:3      | Found a glowing silver altar of Zin.
  2569 | D:3      | Found an opulent altar of Gozag.
  2570 | D:3      | Found a shadowy altar of Dithmenos.
  2676 | D:3      | Found a glowing drain.
  2812 | Sewer    | Entered a sewer
  2831 | Sewer    | Reached XP level 5. HP: 21/21 MP: 7/10
  2839 | Sewer    | Learned a level 3 spell: Ozocubu's Armour
  3160 | Sewer    | Reached skill level 5 in Ice Magic
  3248 | Sewer    | Identified the +1 long sword of the Lusting Goat {elec,
                  | Stlth+}
  3726 | Sewer    | Gained mutation: You are covered in thick fur. (AC +2)
                  | [Felid growth]
  3726 | Sewer    | Reached XP level 6. HP: 25/25 MP: 1/11
  4277 | D:4      | Reached skill level 1 in Fighting
  4803 | D:4      | Reached XP level 7. HP: 29/29 MP: 12/12
  5723 | D:5      | Entered Level 5 of the Dungeon
  5866 | D:5      | Reached skill level 5 in Stealth
  6069 | D:5      | Found a staircase to the Ecumenical Temple.
  6135 | Temple   | Entered the Ecumenical Temple
  6362 | Temple   | Became a worshipper of Ru the Awakened
  6460 | D:5      | Reached skill level 5 in Dodging
  6763 | D:5      | Reached XP level 8. HP: 34/34 MP: 4/13
  7952 | D:5      | Learned a level 4 spell: Hailstorm
  7963 | D:6      | Noticed Menkaure
  7973 | D:5      | Killed Menkaure
  8256 | D:5      | Reached skill level 5 in Unarmed Combat
  8945 | D:5      | Found a staircase to the Ecumenical Temple.
  9333 | D:5      | Found a staircase to the Ecumenical Temple.
  9652 | D:6      | Reached skill level 1 in Hexes
  9652 | D:6      | Reached XP level 9. HP: 37/39 MP: 5/14
  9689 | D:6      | Reached skill level 1 in Conjurations
 10477 | D:6      | Found Lefutisina's Jewellery Shoppe.
 10491 | D:6      | Gained mutation: You cannot study or cast Earth magic. [Ru
                  | sacrifice]
 10491 | D:6      | Gained mutation: You cannot study or cast Hexes magic. [Ru
                  | sacrifice]
 10491 | D:6      | Gained mutation: You cannot study or cast Necromancy magic.
                  | [Ru sacrifice]
 10491 | D:6      | Reached * piety under Ru
 10723 | D:7      | Found a transporter.
 10723 | D:7      | Noticed kae's ghost (novice DrTm)
 10727 | D:7      | Noticed a moth of wrath
 10766 | D:7      | Found a transporter.
 10864 | D:7      | Found Aneel's Self-Improvement Boutique.
 12663 | D:8      | Reached skill level 1 in Evocations
 13138 | D:9      | Noticed a troll
 13372 | D:9      | Reached XP level 10. HP: 40/42 MP: 12/17
 14826 | D:9      | Found a staircase to the Lair.
 14903 | D:9      | Identified the +8 whip "Unabidd" {vorpal, rF+ rN++}
 15687 | D:10     | Entered Level 10 of the Dungeon
 16363 | D:10     | Reached skill level 5 in Spellcasting
 16363 | D:10     | Reached skill level 5 in Conjurations
 17805 | D:10     | Noticed an orange demon
 17812 | D:10     | Noticed a rust devil
 19960 | D:11     | Noticed a boulder beetle
 20018 | Lair:1   | Entered Level 1 of the Lair of Beasts
 20018 | Lair:1   | Noticed a black mamba
 20048 | Lair:1   | Killed a black mamba
 20369 | Lair:1   | Reached XP level 11. HP: 29/46 MP: 11/21
 20594 | Lair:1   | Noticed a seven-headed hydra
 20854 | Lair:1   | Noticed Sonja
 21050 | Lair:1   | Reached skill level 10 in Ice Magic
 21307 | Lair:1   | Killed Sonja
 21316 | Lair:1   | Identified the +5 war axe of Xuriprov {vorpal, Dex+2}
 21523 | Lair:2   | Noticed Prince Ribbit
 21594 | Lair:2   | Noticed a four-headed hydra
 21603 | Lair:2   | Killed a four-headed hydra
 21949 | D:6      | Bought the ring "Faadar" {rF+ AC+4 Str+3 Slay+2} for 776
                  | gold pieces
 22093 | Lair:2   | Noticed Erica
 22104 | Lair:2   | Found an ancient bone altar of Kikubaaqudgha.
 22156 | Lair:2   | Reached skill level 5 in Fighting
 22574 | Lair:2   | Noticed Erica
 22574 | Lair:2   | Erica changed into Erica the cane toad
 22578 | Lair:2   | Killed Erica the cane toad
 22965 | Lair:2   | Killed Prince Ribbit
 23091 | Lair:2   | Learned a level 5 spell: Freezing Cloud
 23108 | Lair:3   | Found a staircase to the Swamp.
 23175 | Lair:3   | Noticed Gastronok
 23296 | Lair:3   | Reached skill level 10 in Stealth
 23651 | Lair:3   | Gained mutation: Your thick and shaggy fur keeps you warm.
                  | (AC +3, rC+) [Felid growth]
 23651 | Lair:3   | Reached XP level 12. HP: 29/52 MP: 20/22
 23891 | Lair:3   | Reached skill level 1 in Air Magic
 24171 | Lair:3   | Killed Gastronok
 24266 | Lair:4   | Noticed Kirke
 24275 | Lair:4   | Killed Kirke
 24746 | Lair:4   | Found a staircase to the Snake Pit.
 25577 | Lair:4   | Noticed Puifavom's ghost (journeyman GrFi)
 25584 | Lair:4   | Found a runed translucent gate.
 25584 | Lair:4   | Found a runed translucent gate.
 25650 | Lair:4   | Got the Reference Book on Congealing Displacement
 25745 | Lair:4   | Found a runed translucent gate.
 26295 | Lair:5   | Found a staircase to the Slime Pits.
 26558 | Lair:5   | Reached skill level 5 in Evocations
 26637 | Lair:5   | Found a frozen archway.
 26647 | Lair:5   | Reached XP level 13. HP: 55/55 MP: 4/23
 26812 | Lair:5   | You fall into a shaft and drop 1 floor!
 26812 | Lair:6   | Entered Level 6 of the Lair of Beasts
 26825 | Lair:6   | Found a dark tunnel.
 26847 | Volcano  | Entered a volcano
 27430 | Lair:5   | HP: 1/56 [polar bear (15)]
 27432 | Lair:5   | Slain by a polar bear
 27433 | Lair:5   | Reached XP level 12. HP: -2/53 MP: 19/22
 27510 | Lair:5   | Found a stormy altar of Qazlal.
 28251 | Lair:6   | Noticed a catoblepas
 29028 | Lair:6   | Noticed a seven-headed hydra
 29683 | Lair:6   | Killed a catoblepas
 29938 | Lair:6   | Noticed a catoblepas
 29968 | Lair:6   | Killed a seven-headed hydra
 29983 | Lair:6   | Killed a catoblepas
 29984 | Lair:6   | Reached skill level 10 in Dodging
 29984 | Lair:6   | Reached XP level 13. HP: 22/58 MP: 21/23
 30943 | D:7      | Killed kae's ghost
 31381 | D:8      | Reached skill level 10 in Unarmed Combat
 32272 | D:9      | Reached skill level 5 in Air Magic
 32942 | D:12     | Learned a level 4 spell: Summon Ice Beast
 32945 | D:12     | Learned a level 2 spell: Blink
 32974 | D:12     | Gained mutation: You are hated by all. [Ru sacrifice]
 32974 | D:12     | Reached ** piety under Ru
 32974 | D:12     | Reached *** piety under Ru
 33098 | D:12     | Reached skill level 1 in Translocations
 33809 | D:12     | Found a staircase to the Orcish Mines.
 33974 | Orc:1    | Entered Level 1 of the Orcish Mines
 34351 | Orc:2    | Entered Level 2 of the Orcish Mines
 35002 | Orc:2    | Found Mueggiji's Gadget Gallery.
 35909 | Orc:2    | Found a staircase to the Elven Halls.
 35958 | Orc:2    | Gained mutation: You are clumsy. (Dex -2) [Ru sacrifice]
 36064 | Orc:2    | Found Yntyd's Antique Weapon Shoppe.
 36357 | Orc:2    | Reached XP level 14. HP: 64/64 MP: 10/24
 36718 | Orc:2    | Found Baddow's Antique Weapon Shoppe.
 36718 | Orc:2    | Found Hagushrus's Armour Boutique.
 36719 | Orc:2    | Found Haigos's Jewellery Shoppe.
 36719 | Orc:2    | Found Ymiomorigh's Distillery.
 37321 | Orc:2    | Reached skill level 10 in Fighting
 38910 | Lair:6   | Got Laummot's Papyrus of Lightness
 39402 | Lair:4   | Upgraded the game from 0.28-a0-941-g140ffa10cf to
                  | 0.28-a0-957-g42eb19b844
 39893 | Orc:2    | Bought a potion of curing for 36 gold pieces
 39893 | Orc:2    | Bought a potion of heal wounds for 60 gold pieces
 39893 | Orc:2    | Bought a potion of mutation for 96 gold pieces
 39893 | Orc:2    | Bought a potion of curing for 36 gold pieces
 39893 | Orc:2    | Bought a potion of cancellation for 96 gold pieces
 40121 | D:13     | Noticed Urug
 40342 | D:13     | Found Iwkid's Jewellery Shop.
 41122 | D:13     | Killed Urug
 41664 | D:13     | Slain by a skeletal warrior
 41665 | D:13     | Reached XP level 13. HP: -3/61 MP: 24/24
 41891 | D:13     | Identified a scroll of acquirement
 41891 | D:13     | Acquired 934 gold pieces
 41961 | D:13     | Learned a level 4 spell: Iskenderun's Mystic Blast
 42237 | D:13     | Found Iwkid's Jewellery Shop.
 42779 | D:13     | Acquired the ring "Qaleff" {rC+ Str+5 Int+6}
 43051 | D:14     | Reached XP level 14. HP: 64/66 MP: 9/25
 43126 | D:14     | Identified the +3 ring mail "Buelet" {Harm Drain Str+5
                  | Dex+3}
 43435 | D:14     | Gained mutation: You are frail. (-10% HP) [Ru sacrifice]
 43435 | D:14     | Reached **** piety under Ru
 43435 | D:14     | Reached ***** piety under Ru
 44055 | D:14     | Found a gate to the Vaults.
 44219 | D:14     | Noticed Rupert
 44230 | D:14     | Killed Rupert
 44353 | D:14     | Reached skill level 10 in Conjurations
 44936 | Lair:4   | Killed Puifavom's ghost
 45102 | Lair:4   | Identified the +5 scale mail of Ponafea {rN+ Int+4 SInv}
 45296 | D:15     | Entered Level 15 of the Dungeon
 46062 | D:15     | Succumbed to barbed spike wounds
 46063 | D:15     | Reached XP level 13. HP: 0/57 MP: 6/26
 46644 | D:15     | Reached XP level 14. HP: 56/61 MP: 5/27
 47338 | D:15     | Found a staircase to the Depths.
 47338 | D:15     | Noticed a stone giant
 47344 | D:15     | Killed a stone giant
 47494 | D:15     | Noticed a ghoul
 47702 | D:15     | Killed a ghoul
 47895 | Orc:2    | Bought a wand of paralysis (7) for 144 gold pieces
 48010 | Swamp:1  | Entered Level 1 of the Swamp
 48031 | Swamp:1  | Killed by an exploding bloated husk

Illustrated notes

Levels and vault maps discovered:
D:1:      minmay_arrival_stair_chambers, layout_basic,
          hellmonk_ecumenical_altar_heavens_door, hangedman_decor_growths,
          minmay_tromino_v4_a
D:2:      minmay_razor_zed, layout_basic
D:3:      layout_rooms, chequers_temple_overflow_statue_of_worship,
          portal_sewer_entry_b
D:4:      layout_loops_cross
D:5:      nicolae_cairo_tiling_large_dashed, layout_basic,
          minmay_temple_entry_overgrown, minmay_misc_feat_roman,
          minmay_strange_pillars, minmay_crystal_room, minmay_misc_feat_pillars
D:6:      layout_rooms, serial_shops, shop, uniq_menkaure
D:7:      layout_loops_corners, gammafunk_ghost_berserking_beasts,
          nicolae_shop_self_help
D:8:      lemuel_castle_with_subvaults [lemuel_castle_interior_original],
          layout_basic
D:9:      layout_long_grid, erik_lair_orcish_takeover, hangedman_fish_farm
D:10:     layout_layer_cave
D:11:     layout_basic, small_statue_intersection
D:12:     nicolae_cairo_tiling_large, layout_loops_ring, orc_0_dummy, drop_trap,
          blue_anna_alchemist
D:13:     layout_roguey, serial_shops, nicolae_shop_trees, serial_bayou_pond_c,
          uniq_urug
D:14:     layout_roguey, grunt_vaults_entry_tiered,
          hangedman_abyss_or_decor_stabs, abandoned_shop,
          nicolae_yredelemnul_corpse_copse, uniq_rupert
D:15:     grunt_enter_depths_snipers, layout_basic, serial_undead,
          serial_undead_e, serial_undead_d, serial_undead_a, serial_undead_d,
          nrook_mini_vaults
Temple:   eino_narrow_crystal_temple
Lair:1:   layout_regular_city, serial_bayou_shore_a, grunt_megastairs_5,
          lemuel_fruit_fields, infiniplex_staircase_pool_2, uniq_sonja
Lair:2:   layout_regular_city, basic_altar, uniq_erica, uniq_prince_ribbit2
Lair:3:   layout_loops_ring, swamp_mist, uniq_gastronok
Lair:4:   layout_regular_city, minmay_snake_entry_six_corridors,
          gammafunk_ghost_split, uniq_kirke
Lair:5:   layout_long_grid, minmay_slime_entry_pillars,
          portal_ice_cave_demonic_guard, basic_altar
Lair:6:   evilmike_catoblepas_cave, layout_loops_ring,
          nicolae_volcano_entry_hallway, chequers_serial_rivers_large_a,
          minmay_lair_oklob_bushes, infiniplex_staircase_pool
Swamp:1:  layout_falls_marsh, evilmike_swamp_ruin_house_5, swamp_pool3
Orc:1:    layout_caves
Orc:2:    st_orc_ogre_mass, layout_caves, basic_altar, serial_shops, shop,
          nicolae_shop_gadgets

Skill      XL: |  1  2  3  4  5  6  7  8  9 10 11 12 13 14 |
---------------+-------------------------------------------+-----
Unarmed Combat | 1 2 4 6 8 9 10 12 | 12.0
Ice Magic      | 4 6 8 9 10 12 | 12.0
Spellcasting   | 3 4 6 7 8 |  8.0
Stealth        | 3 5 8 10 11 12 | 12.0
Dodging        | 3 5 6 8 10 11 12 | 12.0
Fighting       | 1 3 4 6 7 9 12 | 12.0
Hexes          | 1 0 |  0.0
Conjurations   | 4 6 8 11 | 11.3
Evocations     | 2 4 5 6 8 |  8.0
Air Magic      | 4 6 |  6.0
Translocations | 3 4 |  4.0

Action                   |  1- 3 |  4- 6 |  7- 9 | 10-12 | 13-15 || total
-------------------------+-------+-------+-------+-------+-------++-------
Melee: Unarmed           |    33 |    87 |   129 |   226 |   529 ||  1004
       Bite              |     2 |     9 |    10 |    32 |    56 ||   109
       Punch             |       |     2 |     3 |    11 |    23 ||    39
 Cast: Freeze            |    37 |    65 |    91 |   184 |    59 ||   436
       Frozen Ramparts   |     5 |    12 |    32 |    77 |    94 ||   220
       Ensorcelled Hiber |       |     4 |     6 |       |       ||    10
       Ozocubu's Armour  |       |     8 |    33 |    83 |   111 ||   235
       Hailstorm         |       |       |     3 |    92 |   217 ||   312
       Freezing Cloud    |       |       |       |     1 |    44 ||    45
       Iskenderun's Myst |       |       |       |       |    72 ||    72
       Blink             |       |       |       |       |     1 ||     1
Invok: Sacrifice Arcana  |       |       |     1 |       |       ||     1
       Reject Sacrifices |       |       |       |     2 |       ||     2
       Draw Out Power    |       |       |       |       |     1 ||     1
       Sacrifice Purity  |       |       |       |       |     1 ||     1
       Sacrifice Love    |       |       |       |       |     1 ||     1
       Apocalypse        |       |       |       |       |     3 ||     3
       Sacrifice Health  |       |       |       |       |     1 ||     1
Evoke: Wand              |       |       |    10 |    22 |    32 ||    64
       Box of beasts     |       |       |       |     2 |       ||     2
       Lightning rod     |       |       |       |     8 |     5 ||    13
  Use: Scroll            |     3 |     7 |    16 |     6 |     9 ||    41
       Potion            |       |     2 |     2 |     1 |     6 ||    11
 Stab: Sleeping          |     7 |     6 |     8 |    16 |    26 ||    63
       Distracted        |       |       |       |     1 |     3 ||     4
       Petrifying        |       |       |       |     1 |       ||     1
       Petrified         |       |       |       |     1 |       ||     1
       Paralysed         |       |       |       |       |     9 ||     9
Armor: Skin              |     2 |    17 |    37 |    94 |   129 ||   279
Dodge: Dodged            |    33 |   156 |   178 |   399 |   549 ||  1315
Block: Other             |       |       |       |     1 |       ||     1

Table legend: (Time is in decaauts)
 A = Elapsed time spent in this place.
 B = Non-inter-level travel time spent in this place.
 C = Inter-level travel time spent in this place.
 D = Time resting spent in this place.
 E = Time spent auto-exploring this place.
 F = Levels seen in this place.
 G = Mean time per level.
                   A        B        C        D        E       F      G
               +--------+--------+--------+--------+--------+-----+--------+
         Total |  43174 |  39814 |   3360 |  12011 |  21066 |  27 | 1599.0 |
       Dungeon |  26532 |  24513 |   2019 |   6173 |  14488 |  15 | 1768.8 |
        Temple |    194 |    164 |     30 |      0 |    154 |   1 |  194.0 |
          Lair |  11469 |  10435 |   1034 |   3721 |   4949 |   6 | 1911.5 |
         Swamp |     19 |     19 |      0 |      0 |      2 |   1 |   19.0 |
  Orcish Mines |   3323 |   3048 |    275 |   1285 |   1059 |   2 | 1661.5 |
         Sewer |   1215 |   1215 |      0 |    532 |    412 |   1 | 1215.0 |
       Volcano |    419 |    419 |      0 |    298 |      0 |   1 |  419.0 |
               +--------+--------+--------+--------+--------+-----+--------+

Top non-repeatable levels by time:
    D:10: 3310 daAuts
  Lair:5: 2908 daAuts
     D:9: 2786 daAuts
   Orc:2: 2607 daAuts
     D:5: 2461 daAuts
     D:8: 2179 daAuts
    D:13: 2175 daAuts
  Lair:6: 2070 daAuts
  Lair:4: 2001 daAuts
    D:14: 1988 daAuts
    D:15: 1889 daAuts
     D:4: 1878 daAuts
    D:12: 1604 daAuts
  Lair:3: 1591 daAuts
  Lair:1: 1576 daAuts
